 Dungeon Crawl Stone Soup version 0.27-a0-931-g5a74e75d8f (webtiles) character file.

Game seed: 13615676130056218804

205 travv0 the Cudgeller (level 5, -2/46 HPs)
             Began as a Minotaur Berserker on Apr 11, 2021.
             Was a Believer of Trog.
             Killed by nerve-wracking pain
             ... invoked by an orc priest
              (13 damage)
             ... on level 4 of the Dungeon.
             The game lasted 00:14:30 (3003 turns).

travv0 the Cudgeller (Minotaur Berserker)           Turns: 3003, Time: 00:14:31

Health: -2/46      AC:  0    Str: 29    XL:     5   Next: 53%
Magic:  4/4        EV: 12    Int:  4    God:    Trog [**....]
Gold:   124        SH:  0    Dex:  9    Spells: 4/4 levels left

rFire    . . .     SeeInvis .   d - +0 whip
rCold    . . .     Faith    .   (no shield)
rNeg     . . .     Spirit   .   c - +0 leather armour
rPois    .         Reflect  .   (helmet restricted)
rElec    .         Harm     .   (no cloak)
rCorr    .         Rampage  .   (no gloves)
Will     .....                  (no boots)
Stlth    +.........             (no amulet)
HPRegen  0.15/turn              o - +6 ring of strength
MPRegen  0.09/turn              (no ring)

@: corroded
A: horns 2, retaliatory headbutt
a: Renounce Religion, Berserk, Trog's Hand


You were on level 4 of the Dungeon.
You worshipped Trog.
Trog was pleased with you.
You visited 1 branch of the dungeon, and saw 4 of its levels.

You collected 124 gold pieces.

Inventory:

Hand Weapons
 a - a +0 mace
 d - a +0 whip (weapon)
Missiles
 i - 29 arrows
Armour
 c - a +0 leather armour (worn)
Jewellery
 o - a +6 ring of strength (left hand)
Scrolls
 b - 2 scrolls of teleportation {unknown}
 e - a scroll of vulnerability {unknown}
 h - 2 scrolls of enchant weapon {unknown}
 m - a scroll of amnesia {unknown}
 n - a scroll of identify {unknown}
Potions
 f - 2 potions of haste {unknown}
 g - 2 potions of invisibility {unknown}
 j - a potion of berserk rage {unknown}
 k - a potion of attraction {unknown}
 l - 2 potions of degeneration {unknown}
 p - a potion of curing {unknown}


   Skills:
 - Level 4.0 Fighting
 + Level 7.3 Maces & Flails
 - Level 2.5 Armour
 - Level 2.4 Dodging


You had 4 spell levels left.
You didn't know any spells.
Your spell library was empty.

Dungeon Overview and Level Annotations

Branches:
Dungeon (3/15)

Altars:

Shops:
D:1 [

Annotations:
D:2 Sigmund


Innate Abilities, Weirdness & Mutations

You have a pair of horns on your head.
You reflexively headbutt those who attack you in melee.


Message History

The jelly hits you.
You are splashed with acid!
You are too injured to fight recklessly!
You are too injured to fight recklessly!
You are too injured to fight recklessly!
You are too injured to fight recklessly!
You are too injured to fight recklessly!
You are too injured to fight recklessly!
You are too injured to fight recklessly!
You whack the jelly!
You kill the jelly!
Trog accepts your kill.
Your Maces & Flails skill increases to level 7!
You hit the endoplasm but do no damage. The endoplasm barely misses you.
You whack the endoplasm!
You kill the endoplasm!
Trog accepts your kill. The orc barely misses you. You furiously retaliate!
You headbutt the orc!
You kill the orc!
Trog accepts your kill.
The orc priest casts a cantrip, but nothing happens.
You hit the orc priest.
You headbutt the orc priest, but do no damage.
The orc priest is moderately wounded.
The orc priest mumbles some strange prayers to Beogh against you.
You barely resist. You whack the orc priest!
Your headbutt misses the orc priest.
The orc priest is severely wounded.
You hit the orc priest but do no damage.
The orc priest is severely wounded.
The orc priest hits you with a +1 hand axe of electrocution.
You hit the orc priest but do no damage.
The orc priest is severely wounded.
The orc priest calls down the wrath of Beogh upon you.
Pain shoots through your body!
* * * LOW HITPOINT WARNING * * *
You hit the orc priest but do no damage.
The orc priest is severely wounded.
The orc priest mumbles some strange prayers to Beogh against you.
Pain shoots through your body!
You die...

#. .# #### #.####
#. #.o## #....##.
##.#@### .....#.
#.###..# ......#
##J# ##..# ......#
##o## #.# .....###
##..# ....
.......###>o## ...
...###.......###
...... #..#
##......J.##
....... #o##
##.....o..##.......


You could see an orc priest.

Vanquished Creatures
  A jelly (D:4)
  Natasha (thrice) (D:2)
  3 adders
  A worm (D:2)
  3 dart slugs
  An orc (D:4)
  7 bats
  7 endoplasms
  6 goblins
  3 hobgoblins (D:2)
  2 jackals (D:1)
  6 kobolds
  5 quokkas
  5 ball pythons
  5 frilled lizards
  6 rats
64 creatures vanquished.

Notes
Turn   | Place    | Note
-------+----------+-------------------------------------------
     0 | D:1      | travv0 the Minotaur Berserker began the quest for the Orb.
     0 | D:1      | Reached XP level 1. HP: 19/19 MP: 0/0
   213 | D:1      | Reached XP level 2. HP: 6/27 MP: 1/1
   458 | D:1      | Reached skill level 4 in Maces & Flails
   941 | D:1      | Found Getorphi's Armour Boutique.
  1000 | D:1      | Reached XP level 3. HP: 23/33 MP: 2/2
  1421 | D:2      | Reached ** piety under Trog
  1514 | D:2      | Noticed Natasha
  1518 | D:2      | Killed Natasha
  1519 | D:2      | Reached skill level 5 in Maces & Flails
  1627 | D:2      | Reached XP level 4. HP: 40/40 MP: 3/3
  1841 | D:2      | Reached skill level 6 in Maces & Flails
  1926 | D:2      | Noticed Natasha
  1931 | D:2      | Killed Natasha
  2182 | D:2      | Noticed Sigmund
  2802 | D:2      | Noticed Natasha
  2807 | D:2      | Reached XP level 5. HP: 46/46 MP: 4/4
  2810 | D:2      | Killed Natasha
  2929 | D:3      | You fall into a shaft and drop 1 floor!
  2994 | D:4      | Reached skill level 7 in Maces & Flails
  3003 | D:4      | Killed from afar by an orc priest

Illustrated notes

Levels and vault maps discovered:
D:1:      ncdulo_smallfort, layout_rooms, serial_shops, nicolae_shop_crystal,
          minmay_misc_feat_nine_boxes, minmay_tromino_v4_b
D:2:      minmay_wonky_spiral, layout_loops_ring, corexii_shack, uniq_natasha,
          uniq_sigmund
D:3:      layout_basic, hellmonk_ecumenical_altar_inner_sanctum
D:4:      layout_layer_cave, nzn_hepliaklqana_mist_gate, uniq_menkaure

Skill      XL: |  1  2  3  4  5 |
---------------+----------------+-----
Fighting       | 4 |  4.0
Maces & Flails | 4 5 6 7 |  7.3
Armour         | |  2.5
Dodging        | |  2.4

Action                   |  1- 3 |  4- 6 || total
-------------------------+-------+-------++-------
Melee: Mace              |    45 |    35 ||    80
       Headbutt          |    11 |     9 ||    20
       Whip              |    24 |    24 ||    48
Armor: Leather armour    |    18 |    15 ||    33
       Animal skin       |     2 |       ||     2
Dodge: Dodged            |    60 |    37 ||    97

Table legend: (Time is in decaauts)
 A = Elapsed time spent in this place.
 B = Non-inter-level travel time spent in this place.
 C = Inter-level travel time spent in this place.
 D = Time resting spent in this place.
 E = Time spent auto-exploring this place.
 F = Levels seen in this place.
 G = Mean time per level.
                   A        B        C        D        E       F      G
               +--------+--------+--------+--------+--------+-----+--------+
         Total |   3008 |   2821 |    187 |      0 |   2320 |   4 |  752.0 |
       Dungeon |   3008 |   2821 |    187 |      0 |   2320 |   4 |  752.0 |
               +--------+--------+--------+--------+--------+-----+--------+

Top non-repeatable levels by time:
     D:1: 1599 daAuts
     D:2: 1260 daAuts
     D:3: 78 daAuts
     D:4: 70 daAuts
